 Dungeon Crawl Stone Soup version 0.22-a0-848-ge9e22a0 (webtiles) character file.

12875 protoss039 the Severer (level 11, -3/107 HPs)
             Began as a Minotaur Fighter on July 26, 2018.
             Killed by divine providence
             ... invoked by a meliai
              (12 damage)
             ... on level 13 of the Dungeon.
             The game lasted 00:35:53 (11516 turns).

protoss039 the Severer (Minotaur Fighter)          Turns: 11516, Time: 00:35:54

Health: -3/107     AC: 15    Str: 24    XL:     11   Next: 68%
Magic:  10/10      EV:  4    Int: 10    God:
Gold:   497        SH:  0    Dex: 12    Spells: 10/10 levels left

rFire    . . .     SeeInvis .   a - +0 war axe
rCold    . . .     Gourm    .   c - +0 shield
rNeg     + . .     Faith    .   r - +0 plate armour
rPois    .         Spirit   .   (helmet restricted)
rElec    .         Reflect  .   u - +0 cloak
rCorr    .         Harm     .   (no gloves)
MR       .....                  B - +2 pair of boots
Stlth    ..........             (no amulet)
HPRegen  0.27/turn              k - ring of positive energy
MPRegen  0.12/turn              (no ring)

@: confused, brilliant, very slightly contaminated
A: retaliatory headbutt, horns 2, agile 1
a: no special abilities


You were on level 13 of the Dungeon.
You were not hungry.

You visited 2 branches of the dungeon, and saw 13 of its levels.
You also visited: Ossuary.

You collected 497 gold pieces.

Inventory:

Hand Weapons
 a - a +0 war axe (weapon)
Missiles
 l - 5 steel tomahawks (quivered)
Armour
 c - a +0 shield (worn)
 r - a +0 plate armour (worn)
 u - a +0 cloak (worn)
 B - a +2 pair of boots (worn)
Jewellery
 k - a ring of positive energy (left hand)
 p - an uncursed amulet of guardian spirit
 I - an uncursed amulet of faith {unknown}
Wands
 D - a wand of random effects (38)
 E - a wand of paralysis (33)
 H - a wand of disintegration (8)
 J - a wand of iceblast (14)
Scrolls
 e - 2 scrolls of random uselessness {unknown}
 g - 5 scrolls of teleportation
 h - 3 scrolls of fog {unknown}
 j - 11 scrolls of remove curse {unknown}
 n - 2 scrolls of amnesia {unknown}
 o - 2 scrolls of noise {unknown}
 s - a scroll of blinking {unknown}
 t - 9 scrolls of identify
 v - 2 scrolls of fear {unknown}
 y - 2 scrolls of enchant armour {unknown}
 G - a scroll of magic mapping {unknown}
 K - a scroll of vulnerability {unknown}
Potions
 b - a potion of berserk rage
 i - a potion of invisibility
 m - 3 potions of flight
 q - 4 potions of brilliance
 w - 2 potions of haste {unknown}
 x - 2 potions of mutation
 z - 2 potions of lignification {unknown}
 C - a potion of agility {unknown}
 F - 2 potions of cancellation {unknown}
Comestibles
 d - 14 chunks of flesh
 f - 14 rations


   Skills:
 + Level 13.1 Fighting
 * Level 17.2 Axes
 - Level 3.6 Armour
 - Level 3.6 Shields


You had 10 spell levels left.
You didn't know any spells.
Your spell library was empty.

Dungeon Overview and Level Annotations

Branches:
Dungeon (11/15)            Temple (1/1) D:7            Lair (0/6) D:10
    Orc (0/2) D:10

Altars:
Ashenzari
Cheibriados
Dithmenos
Elyvilon
Fedhas
Gozag
Hepliaklqana
Kikubaaqudgha
Nemelex Xobeh
Qazlal
Ru
Sif Muna
Uskayaw
Vehumet
Wu Jian
Xom
Yredelemnul
Zin
The Shining One

Shops:
D:6 *   D:7 =   D:10 %

Annotations:
D:7 Harold


Innate Abilities, Weirdness & Mutations

You reflexively headbutt those who attack you in melee.
You have a pair of horns on your head.
You are agile. (Dex +2)


Message History

You hit the troll.
The troll is severely wounded.
The meliai invokes the aid of its god against you.
Something smites you!
* * * LOW HITPOINT WARNING * * *
You block the meliai's attack. x2
Unknown command.
You slash the troll!
You kill the troll!
You hit the meliai but do no damage. The meliai hits you but does no damage.
You block the meliai's attack.
Unknown command.
You are confused.
You feel invigorated.
You recover from your berserk rage.
The meliai hits you but does no damage.
The meliai stings you but does no damage.
The meliai calls down the wrath of its god upon you.
Something smites you!
You die...

#......##
##.......#$
........... #
........#
#.##.......#
.'.......#
#.yy....#.
#.@.....#.
#.#######. #.#
#....#+#######
#.# #..........#
#.#
##+#..........#
#.#
#......รท).....#
#.#
#......).[.....
#.#
#........).....
#.#
#..........(((.


You could see 2 meliai.

Vanquished Creatures
  4 two-headed ogres
  A wizard (D:10)
  A wolf spider zombie (D:13)
  Joseph (D:9)
  A komodo dragon (D:10)
  5 trolls
  Prince Ribbit (D:7)
  5 slime creatures (D:8)
  5 yaks
  A wyvern (D:8)
  3 hungry ghosts
  Menkaure (D:6)
  A water moccasin (D:10)
  3 orc warriors
  4 sky beasts
  3 ogres
  2 ice beasts
  A phantom (D:6)
  2 centaurs
  A big kobold (D:9)
  7 bullfrogs
  A gnoll sergeant (D:9)
  2 water moccasin zombies (Ossuary)
  2 scorpions
  12 killer bees (D:10)
  9 wights
  6 howler monkeys
  A bullfrog zombie (D:8)
  A centaur zombie (D:5)
  8 crimson imps
  12 hounds
  2 orc priests
  3 jellies
  10 orc wizards
  4 iguanas
  6 worker ants
  4 big kobold zombies (Ossuary)
  A hound skeleton (D:5)
  2 mummies (Ossuary)
  Robin (D:3)
  4 adders
  20 gnolls
  A howler monkey skeleton (D:7)
  7 shadow imps
  An ooze (D:1)
  6 adder zombies
  4 adder skeletons
  A worm (D:4)
  3 dart slugs
  4 leopard geckos
  30 orcs
  A ball python (D:2)
  11 bats
  14 giant cockroaches
  13 hobgoblins
  2 jackals (D:4)
  4 quokkas
  5 frilled lizards
  A gnoll zombie (Ossuary)
  18 goblins
  3 hobgoblin zombies (Ossuary)
  A jackal skeleton (D:5)
  A jackal zombie (D:7)
  12 kobolds
  4 kobold zombies (Ossuary)
  A leopard gecko skeleton (D:6)
  8 orc zombies (Ossuary)
  6 rats
326 creatures vanquished.

Vanquished Creatures (others)
  6 plants (D:10)
6 creatures vanquished.

Grand Total: 332 creatures vanquished

Notes
Turn   | Place    | Note
-------+----------+-------------------------------------------
     0 | D:1      | protoss039 the Minotaur Fighter began the quest for the Orb.
     0 | D:1      | Reached XP level 1. HP: 19/19 MP: 0/0
    66 | D:1      | Reached skill level 3 in Axes
    98 | D:1      | Reached XP level 2. HP: 19/27 MP: 1/1
   200 | D:1      | Reached XP level 3. HP: 32/33 MP: 2/2
   323 | D:1      | Reached skill level 4 in Axes
   749 | D:2      | Reached XP level 4. HP: 41/41 MP: 3/3
   754 | D:2      | Found a blossoming altar of Fedhas.
  1500 | D:3      | Reached skill level 5 in Axes
  1723 | D:3      | Noticed Robin
  1731 | D:3      | Killed Robin
  1734 | D:3      | Reached XP level 5. HP: 42/47 MP: 4/4
  2116 | D:4      | Reached skill level 5 in Fighting
  2130 | D:4      | Reached skill level 6 in Axes
  2165 | D:4      | Reached XP level 6. HP: 25/56 MP: 5/5
  2899 | D:5      | Entered Level 5 of the Dungeon
  2994 | D:5      | Found a sand-covered staircase.
  3004 | Ossuary  | Entered an ossuary
  3037 | Ossuary  | Reached skill level 7 in Axes
  3075 | Ossuary  | Reached XP level 7. HP: 48/63 MP: 6/6
  3145 | Ossuary  | Reached skill level 8 in Axes
  3477 | D:5      | Found a glowing golden altar of the Shining One.
  3481 | D:5      | Found an ancient bone altar of Kikubaaqudgha.
  3579 | D:5      | Reached skill level 9 in Axes
  3917 | D:5      | Reached XP level 8. HP: 50/73 MP: 7/7
  4292 | D:6      | Noticed Menkaure
  4303 | D:6      | Killed Menkaure
  4303 | D:6      | Reached skill level 10 in Axes
  4304 | D:6      | Found Mahel's Assorted Antiques.
  4352 | D:6      | Found a stormy altar of Qazlal.
  4356 | D:6      | Found a snail-covered altar of Cheibriados.
  4356 | D:6      | Found a radiant altar of Vehumet.
  4369 | D:6      | Found a hazy altar of Hepliaklqana.
  4377 | D:6      | Found a shadowy altar of Dithmenos.
  5369 | D:7      | Reached skill level 11 in Axes
  5450 | D:7      | Noticed Prince Ribbit
  5506 | D:7      | Killed Prince Ribbit
  5506 | D:7      | Reached XP level 9. HP: 48/83 MP: 8/8
  5618 | D:7      | Noticed Harold
  5639 | D:7      | Reached skill level 12 in Axes
  5669 | D:7      | Found a staircase to the Ecumenical Temple.
  5677 | Temple   | Entered the Ecumenical Temple
  5932 | D:7      | Found Mievyink's Jewellery Shop.
  6789 | D:8      | Reached skill level 10 in Fighting
  6791 | D:8      | Reached skill level 13 in Axes
  6834 | D:8      | HP: 1/85 [ice beast (9)]
  7221 | D:8      | Noticed a two-headed ogre
  7228 | D:8      | Killed a two-headed ogre
  7228 | D:8      | Reached XP level 10. HP: 72/94 MP: 9/9
  7345 | D:8      | Reached skill level 14 in Axes
  7382 | D:8      | Noticed a two-headed ogre
  7929 | D:8      | Killed a two-headed ogre
  8513 | D:9      | Reached skill level 15 in Axes
  8553 | D:9      | Noticed Joseph
  8574 | D:9      | Killed Joseph
  8645 | D:9      | Noticed a two-headed ogre
  8649 | D:9      | Killed a two-headed ogre
  9118 | D:10     | Entered Level 10 of the Dungeon
  9135 | D:10     | Found a staircase to the Lair.
  9163 | D:10     | Reached XP level 11. HP: 93/104 MP: 10/10
  9198 | D:10     | Found a staircase to the Orcish Mines.
  9684 | D:10     | Reached skill level 16 in Axes
 10012 | D:10     | Noticed a wizard
 10389 | D:10     | Killed a wizard
 10986 | D:10     | Noticed a two-headed ogre
 10995 | D:10     | Killed a two-headed ogre
 11172 | D:10     | Found Calimnio's Food Emporium.
 11378 | D:11     | Reached skill level 17 in Axes
 11411 | D:11     | You fall through a shaft for 2 floors!
 11444 | D:13     | Noticed a vault guard
 11465 | D:13     | Gained mutation: You are clumsy. (Dex -2) [potion of mutation]
 11465 | D:13     | Lost mutation: You are clumsy. (Dex -2) [potion of mutation]
 11465 | D:13     | Gained mutation: You are agile. (Dex +2) [potion of mutation]
 11473 | D:13     | HP: 5/107 [poisoned by a kobold]
 11514 | D:13     | HP: 5/107 [meliai/divine providence (10)]
 11516 | D:13     | Killed from afar by a meliai

Vault maps used:
D:1:      minmay_arrival_checkered_box
D:2:      fedhas_altar_3, first_ration
D:3:      uniq_robin
D:5:      grunt_temple_overflow_open, nicolae_ossuary_entry_ruins
D:6:      minmay_overflow_temple_star_hex, serial_shops, shop, uniq_menkaure
D:7:      minmay_temple_entry_grid, serial_shops, nicolae_shop_crystal,
          uniq_harold, uniq_prince_ribbit1
D:8:      nicolae_overflow_hidden_temple
D:9:      uniq_joseph
D:10:     david_lair_shrubbed, orc_0_dummy, serial_shops, shop
D:11:     lab_entry_generic, uniq_sonja
D:13:     grunt_vaults_entry_fortified
Temple:   bh_familiar_temple
Ossuary:  ossuary_tomb_2

Skill      XL: |  1  2  3  4  5  6  7  8  9 10 11 |
---------------+----------------------------------+-----
Axes           | 3 4 5 6 7 9 11 13 15 17 | 17.2
Fighting       | 4 5 6 7 9 10 12 13 | 13.1
Armour         | |  3.6
Shields        | |  3.6

Action                   |  1- 3 |  4- 6 |  7- 9 | 10-12 || total
-------------------------+-------+-------+-------+-------++-------
Melee: War axe           |    96 |   168 |   371 |   374 ||  1009
       Headbutt          |    11 |    28 |    72 |    73 ||   184
Throw: Tomahawk          |       |       |     5 |     2 ||     7
  Use: Scroll            |       |     3 |       |     2 ||     5
       Potion            |       |       |    10 |     8 ||    18
  Eat: Chunk             |       |     5 |     9 |    14 ||    28
       Ration            |       |     1 |     2 |     1 ||     4
Armor: Scale mail        |    51 |    52 |       |       ||   103
       Plate armour      |       |    22 |   232 |   173 ||   427
Dodge: Dodged            |    23 |    45 |    49 |    53 ||   170
Block: Shield            |    52 |    90 |   158 |   166 ||   466

Table legend:
 A = Spawn XP
 B = Non-spawn XP
 C = Spawn XP percentage of total XP
 D = Spawn monster count
 E = Non-spawn monster count
 F = Spawn count percentage of total count
 G = Total turns spent on level
                    A         B        C        D         E        F      G
               +---------+---------+-------+---------+---------+-------+---------
         Total |       0 |   18394 |   0.0 |       0 |     326 |   0.0 | 11516
               +---------+---------+-------+---------+---------+-------+---------
           D:1 |       0 |      58 |   0.0 |       0 |      31 |   0.0 |   436
           D:2 |       0 |      42 |   0.0 |       0 |      15 |   0.0 |   660
           D:3 |       0 |     101 |   0.0 |       0 |      38 |   0.0 |  1051
           D:4 |       0 |     308 |   0.0 |       0 |      19 |   0.0 |   873
           D:5 |       0 |     759 |   0.0 |       0 |      25 |   0.0 |  1235
           D:6 |       0 |     770 |   0.0 |       0 |      17 |   0.0 |  1463
           D:7 |       0 |    1379 |   0.0 |       0 |      31 |   0.0 |   954
           D:8 |       0 |    4615 |   0.0 |       0 |      28 |   0.0 |  1325
           D:9 |       0 |    2619 |   0.0 |       0 |      32 |   0.0 |  1264
          D:10 |       0 |    6112 |   0.0 |       0 |      46 |   0.0 |  1725
          D:11 |       0 |     209 |   0.0 |       0 |       6 |   0.0 |    74
          D:13 |       0 |    1086 |   0.0 |       0 |      10 |   0.0 |   105
       Ossuary |       0 |     336 |   0.0 |       0 |      28 |   0.0 |   175
               +---------+---------+-------+---------+---------+-------+---------
